AoeStats
← xViniB

Nomad

507934535Analyzed
2v2 RM · 12d ago on Sep 20, 2026· 35m 43s· 4 players
Game mode
Random Map
Map size
176×176
Population
200
Speed
Normal
Resources
Standard
Victory
Conquest
Starting age
Dark Age
Ending age
Imperial Age
RankedLock teamsTeams togetherTeam positionsShared explorationLock speedFull tech treeHidden civsTurbo modeCheats
Victory
Defeat
🇫🇷 Italians · France
1011
+14
🇫🇷 Persians · France
1010
+14
🇦🇺 Huns · Australia
997
-14
🇦🇺 Bohemians · Australia
956
-14
johnny
7:29 Loom
14:26 Feudal Age
18:32 Castle Age
16:25 Fletching
16:36 Padded Archer Armor
18:37 Crossbowman
20:31 Thumb Ring
20:48 Pikeman
22:11 Forging
22:01 Scale Mail Armor
22:38 Gold Mining
25:20 Squires
28:40 Wheelbarrow
27:50 Town Watch
30:56 Imperial Age
28:54 Ballistics
29:20 Masonry
29:07 Murder Holes
32:45 Chemistry
33:26 Hand Cart
33:12 Town Patrol
33:08 Elite Cannon Galleon
33:25 Arbalester
34:06 Bodkin Arrow
35:43 Conscription
tuds
5:20 Loom
13:46 Feudal Age
19:31 Castle Age
18:37 Bloodlines
18:37 Scale Barding Armor
18:42 Forging
19:18 Double-Bit Axe
21:21 Husbandry
22:57 Wheelbarrow
24:00 Iron Casting
24:34 Chain Barding Armor
32:12 Imperial Age
33:06 Gold Mining
33:29 Bow Saw
33:17 Cavalier
36:16 Plate Barding Armor
36:41 Blast Furnace
xXTiroNoChakraXx
18:50 Feudal Age
19:46 Loom
24:16 Castle Age
24:13 Forging
24:09 Scale Barding Armor
28:57 Scale Mail Armor
34:13 Fishing Lines
36:07 Fervor
xViniB
13:22 Feudal Age
14:38 Wheelbarrow
17:45 Loom
19:20 Horse Collar
20:53 Scale Mail Armor
24:50 Bloodlines
30:23 Fletching
30:33 Padded Archer Armor
32:58 Castle Age
Connection lost

Rejoining the realm…

Still unreachable

The connection could not be restored.

Session expired

The server has moved on; the page needs a fresh start.